Staline vs Sasquatch
Created - 22 novembre 2016 at 19:22
Goals
|
| Staline |
2 |
3 |
0 |
5 |
| Sasquatch |
2 |
1 |
1 |
4 |
|
Shots
|
| Staline |
14 |
18 |
4 |
36 |
| Sasquatch |
15 |
7 |
9 |
31 |
|
1st period
1. Staline , Jiri Tlusty 7 (David Desharnais) at 10:10 (PP)
2. Sasquatch , Mikael Backlund 3 (D.J King, Nick Leddy) at 11:28 (PP)
3. Staline , Jordan Caron 3 (James Sheppard, Matt Pettinger) at 16:24
4. Sasquatch , Kevin Porter 7 (Linus Omark) at 18:09
Penalties :
Radko Gudas (Gat) for Hooking (Minor) at 9:59, Nick Spaling (StJ) for Interference (Minor) at 10:47, Brandon Burlon (StJ) for Cross-checking (Minor) at 12:28
2nd period
5. Sasquatch , Mikael Backlund 4 (D.J King) at 5:31
6. Staline , David Desharnais 8 (Mark Fraser, Matt Pettinger) at 8:19 (PP)
7. Staline , Nick Spaling 4 (Keith Yandle, Steven Goertzen) at 9:18 (PP)
8. Staline , Keith Yandle 5 (David Desharnais) at 18:39 (PP)
Penalties :
D.J King (Gat) for Hooking (Minor) at 7:11, Jesper Fast (Gat) for Hooking (Minor) at 8:47, Radko Gudas (Gat) for High sticking (Minor) at 13:41, Jordan Caron (StJ) for Interference (Minor) at 16:17, Yannick Weber (Gat) for Interference (Minor) at 18:38, Arturs Kulda (Gat) for Elbowing (Minor) at 19:13
3rd period
9. Sasquatch , Ryan Strome 1 (Drew Shore, Brock Trotter) at 11:57
Penalties :
Nick Spaling (StJ) for Roughing (Minor) at 1:42, Nick Leddy (Gat) for Hooking (Minor) at 5:44, Stu Bickel (StJ) for High sticking (Minor) at 5:55, Garnet Hathaway (Gat) for High sticking (Minor) at 17:25
Goalie Stats
Allen York (StJ), 27 saves from 31 shots - (0,871), W, 5-4-1, 60:00 minutes
Braden Holtby (Gat), 31 saves from 36 shots - (0,861), L, 5-5-0, 60:00 minutes
Players Stats for Staline
Player Name G A P +/- PIM S H SB GA TA FO MP PP MP PK MP
------------------------------------------------------------------------------------
Aaron Ness 0 0 0 0 0 0 0 0 0 0 0/0 1:54 0:19 0:00
Andrey Pedan 0 0 0 0 0 0 0 0 0 0 0/0 1:19 0:00 0:48
Brandon Burlon 0 0 0 -1 2 2 3 1 0 0 0/0 17:18 2:52 2:11
Brandon Mashinter 0 0 0 0 0 0 0 0 0 0 1/3 5:43 0:00 0:00
Bryan Bickell 0 0 0 0 0 0 0 1 1 1 0/0 7:21 0:19 1:17
Cody Eakin 0 0 0 -1 0 2 1 0 1 1 5/12 15:35 3:15 0:28
Corey Trivino 0 0 0 1 0 2 1 0 0 1 8/12 9:27 0:00 0:00
Danny Kristo 0 0 0 0 0 0 0 0 0 0 0/0 5:43 0:00 0:00
David Desharnais 1 2 3 -2 0 2 3 1 0 1 16/34 19:50 4:02 0:00
David Kolomatis 0 0 0 0 0 0 0 0 0 2 0/0 6:14 0:19 0:13
Greg Pateryn 0 0 0 0 0 0 0 1 0 0 0/0 5:10 0:00 0:00
James Sheppard 0 1 1 1 0 5 0 0 0 0 0/0 9:27 0:00 0:00
Jiri Sekac 0 0 0 0 0 0 0 0 0 0 0/0 2:15 0:00 1:42
Jiri Tlusty 1 0 1 -2 0 5 2 1 1 2 0/0 24:24 4:02 3:28
Jordan Caron 1 0 1 1 2 3 1 0 0 1 0/0 10:08 0:42 0:00
Keith Yandle 1 1 2 0 0 3 1 1 2 2 0/0 26:43 4:48 3:37
Mark Fraser 0 1 1 -1 0 1 0 0 0 1 0/0 18:05 2:52 2:59
Mark Mitera 0 0 0 -1 0 2 1 0 0 0 0/0 8:27 0:00 0:00
Mark Stone 0 0 0 0 0 0 0 0 0 0 0/0 1:36 0:35 0:00
Matt Pettinger 0 2 2 -2 0 3 2 0 1 0 1/8 24:18 3:55 3:21
Nick Spaling 1 0 1 -1 4 3 1 0 0 0 0/1 16:52 3:15 1:18
Peter Holland 0 0 0 0 0 0 1 0 0 0 0/0 1:08 0:37 0:00
Philip Larsen 0 0 0 -1 0 1 0 1 0 0 0/0 8:58 0:00 0:13
Steven Goertzen 0 1 1 -1 0 2 2 0 2 0 1/3 17:30 3:15 2:04
Stu Bickel 0 0 0 0 2 0 4 3 0 2 0/0 25:53 4:47 3:37
Players Stats for Sasquatch
Player Name G A P +/- PIM S H SB GA TA FO MP PP MP PK MP
------------------------------------------------------------------------------------
Arturs Kulda 0 0 0 -1 2 0 3 2 1 1 0/0 17:43 2:11 3:54
Brock Trotter 0 1 1 1 0 1 1 0 2 0 0/0 8:39 0:11 2:43
D.J King 0 2 2 1 2 3 0 0 1 0 1/2 19:50 2:19 3:37
Drew Shore 0 1 1 1 0 0 0 0 0 0 2/3 8:18 0:16 2:36
Garnet Hathaway 0 0 0 0 2 0 2 0 0 0 2/3 10:05 0:01 0:00
Jason Akeson 0 0 0 0 0 3 2 0 2 0 1/2 19:05 4:19 0:00
Jesper Fast 0 0 0 1 2 0 0 0 0 1 0/0 12:24 0:00 0:00
Jonathan Blum 0 0 0 0 0 2 1 0 0 0 0/0 20:00 4:38 2:45
Josh Bailey 0 0 0 0 0 2 0 0 0 0 0/0 10:20 0:00 0:18
Kevin Porter 1 0 1 0 0 4 0 1 1 1 22/40 24:30 4:14 4:56
Linus Omark 0 1 1 0 0 4 0 0 0 0 1/3 21:36 4:19 1:47
Mikael Backlund 2 0 2 1 0 4 1 1 2 1 8/11 16:13 2:19 0:00
Nick Leddy 0 1 1 2 2 1 1 0 3 0 0/0 26:14 4:38 2:06
Radko Gudas 0 0 0 1 4 2 0 1 1 2 0/0 20:14 0:00 1:36
Ryan Strome 1 0 1 1 0 1 0 0 0 0 0/1 7:43 2:18 0:00
Stephane Da Costa 0 0 0 0 0 2 0 0 1 0 4/8 10:33 0:00 0:01
Yann Sauvé 0 0 0 1 0 0 0 3 0 1 0/0 19:33 0:11 5:14
Yannick Weber 0 0 0 1 2 2 1 1 0 1 0/0 17:05 2:11 0:23
3 Stars
1 - Mikael Backlund (Gat)
2 - David Desharnais (StJ)
3 - Keith Yandle (StJ)
Power Play
Staline - 4 on 8 Attempt(s) - 50,00%
Sasquatch - 1 on 5 Attempt(s) - 20,00%
Penalty Kill
Staline - 4 on 5 Attempt(s) - 80,00%
- Score 0 goal in Penalty Kill
Sasquatch - 4 on 8 Attempt(s) - 50,00%
- Score 0 goal in Penalty Kill
Team Stat
Staline - Hits : 23 - Faceoff Wins : 32 - Blocked Shots : 10 - Penalty Minutes : 10
Sasquatch - Hits : 12 - Faceoff Wins : 41 - Blocked Shots : 9 - Penalty Minutes : 16
Official
Referees : Charron Francis and StLaurent Francois
Linesman : Vaughan Rody and Pierre Racicot
Game Notes
No Game Note
Finance
Level 1 -- Attendance: 1606 (80,30%) -- Ticket Income 56 210 $
Level 2 -- Attendance: 691 (69,10%) -- Ticket Income 10 365 $
Total Attendance: 2297 (76,57%)
Total Ticket Income: 66 575 $
Other Income: 3 329 $
Total Income: 69 904 $
Staline
5 vs 5 Forward
Center Left Wing Right Wing Time % Phy DF OF
1 David Desharnais Matt Pettinger Jiri Tlusty 40 1 2 2
2 Cody Eakin Nick Spaling Steven Goertzen 30 1 2 2
3 Corey Trivino James Sheppard Jordan Caron 20 1 2 2
4 Brandon Mashinter Bryan Bickell Danny Kristo 10 1 2 2
5 vs 5 Defense
Defense Defense Time % Phy DF OF
1 Stu Bickel Keith Yandle 40 1 2 2
2 Mark Fraser Brandon Burlon 30 1 2 2
3 Philip Larsen Mark Mitera 20 1 2 2
4 David Kolomatis Greg Pateryn 10 1 2 2
PowerPlay Forward
Center Left Wing Right Wing Time % Phy DF OF
1 David Desharnais Matt Pettinger Jiri Tlusty 60 1 2 2
2 Cody Eakin Nick Spaling Steven Goertzen 40 1 2 2
PowerPlay Defense
Defense Defense Time % Phy DF OF
1 Stu Bickel Keith Yandle 60 1 2 2
2 Mark Fraser Brandon Burlon 40 1 2 2
Penalty Kill 4 Players Forward
Center Wing Time % Phy DF OF
1 Matt Pettinger Jiri Tlusty 60 1 2 2
2 Steven Goertzen Nick Spaling 40 1 2 2
Penalty Kill 4 Players Defense
Defense Defense Time % Phy DF OF
1 Stu Bickel Keith Yandle 60 1 2 2
2 Mark Fraser Brandon Burlon 40 1 2 2
Penalty Kill - 3 Players Forward
Forward Time % Phy DF OF
1 Matt Pettinger 60 1 2 2
2 Jiri Tlusty 40 1 2 2
Penalty Kill - 3 Players Defense
Defense Defense Time % Phy DF OF
1 Stu Bickel Keith Yandle 60 1 2 2
2 Mark Fraser Brandon Burlon 40 1 2 2
4 vs 4 Forward
Center Wing Time % Phy DF OF
1 Matt Pettinger Jiri Tlusty 60 1 2 2
2 Steven Goertzen Nick Spaling 40 1 2 2
4 vs 4 Defense
Defense Defense Time % Phy DF OF
1 Stu Bickel Keith Yandle 60 1 2 2
2 Mark Fraser Brandon Burlon 40 1 2 2
Last Minutes Offensive
Center Left Wing Right Wing Defense Defense
David Desharnais Matt Pettinger Jiri Tlusty Stu Bickel Keith Yandle
Last Minutes Defensive
Center Left Wing Right Wing Defense Defense
David Desharnais Matt Pettinger Jiri Tlusty Stu Bickel Keith Yandle
Goaltenders
Starting : Allen York
Backup : Joni Ortio
Extra Forwards
Normal : Mark Stone, Peter Holland, Jiri Sekac - PP : Mark Stone, Peter Holland - PK : Jiri Sekac
Extra Defensemen
Normal : Aaron Ness, Andrey Pedan, Philip Larsen - PP : Aaron Ness - PK : Andrey Pedan, Philip Larsen
Penalty Shots
Matt Pettinger, Jiri Tlusty, Steven Goertzen, Nick Spaling, David Desharnais
Sasquatch
5 vs 5 Forward
Center Left Wing Right Wing Time % Phy DF OF
1 Kevin Porter Linus Omark Jason Akeson 40 1 2 2
2 Mikael Backlund D.J King Jesper Fast 30 1 2 2
3 Stephane Da Costa Josh Bailey Garnet Hathaway 20 1 2 2
4 Drew Shore Brock Trotter Ryan Strome 10 1 2 2
5 vs 5 Defense
Defense Defense Time % Phy DF OF
1 Nick Leddy Radko Gudas 40 1 2 2
2 Yann Sauvé Yannick Weber 30 1 2 2
3 Jonathan Blum Arturs Kulda 20 1 2 2
4 Jonathan Blum Nick Leddy 10 1 2 2
PowerPlay Forward
Center Left Wing Right Wing Time % Phy DF OF
1 Kevin Porter Linus Omark Jason Akeson 60 1 2 2
2 Mikael Backlund D.J King Ryan Strome 40 1 2 2
PowerPlay Defense
Defense Defense Time % Phy DF OF
1 Nick Leddy Jonathan Blum 60 1 2 2
2 Yannick Weber Arturs Kulda 40 1 2 2
Penalty Kill 4 Players Forward
Center Wing Time % Phy DF OF
1 Kevin Porter D.J King 60 1 2 2
2 Drew Shore Linus Omark 40 1 2 2
Penalty Kill 4 Players Defense
Defense Defense Time % Phy DF OF
1 Arturs Kulda Yann Sauvé 60 1 2 2
2 Jonathan Blum Radko Gudas 40 1 2 2
Penalty Kill - 3 Players Forward
Forward Time % Phy DF OF
1 Kevin Porter 60 1 2 2
2 Drew Shore 40 1 2 2
Penalty Kill - 3 Players Defense
Defense Defense Time % Phy DF OF
1 Radko Gudas Arturs Kulda 60 1 2 2
2 Yann Sauvé Jonathan Blum 40 1 2 2
4 vs 4 Forward
Center Wing Time % Phy DF OF
1 Mikael Backlund D.J King 60 1 2 2
2 Kevin Porter Linus Omark 40 1 2 2
4 vs 4 Defense
Defense Defense Time % Phy DF OF
1 Arturs Kulda Radko Gudas 60 1 2 2
2 Yann Sauvé Jonathan Blum 40 1 2 2
Last Minutes Offensive
Center Left Wing Right Wing Defense Defense
Kevin Porter Linus Omark Jason Akeson Nick Leddy Yannick Weber
Last Minutes Defensive
Center Left Wing Right Wing Defense Defense
Kevin Porter D.J King Garnet Hathaway Yann Sauvé Arturs Kulda
Goaltenders
Starting : Braden Holtby
Backup : Jake Allen
Extra Forwards
Normal : D.J King, Drew Shore, Brock Trotter - PP : Mikael Backlund, Linus Omark - PK : Brock Trotter
Extra Defensemen
Normal : Jonathan Blum, Radko Gudas, Nick Leddy - PP : Yann Sauvé - PK : Nick Leddy, Yannick Weber
Penalty Shots
Linus Omark, Mikael Backlund, Jason Akeson, Ryan Strome, Brock Trotter
% Time on Ice - Staline
Lines # - Real PCT - Wanted PCT - Time Play
Normal Forward
1 - 37% - 40% - 16:00
2 - 27% - 30% - 11:43
3 - 22% - 20% - 9:27
4 - 13% - 10% - 5:43
Normal Defense
1 - 41% - 40% - 17:28
2 - 28% - 30% - 11:48
3 - 20% - 20% - 8:27
4 - 12% - 10% - 5:10
PP Forward
1 - 59% - 60% - 4:44
2 - 41% - 40% - 3:15
PP Defense
1 - 60% - 60% - 4:48
2 - 40% - 40% - 3:11
PK Forward
1 - 70% - 60% - 4:45
2 - 30% - 40% - 2:04
PK Defense
1 - 53% - 60% - 3:37
2 - 47% - 40% - 3:12
PK3 Forward
1 - 0% - 60%
2 - 0% - 40%
PK3 Defense
1 - 0% - 60%
2 - 0% - 40%
44 Forward
1 - 74% - 60% - 1:20
2 - 26% - 40% - 0:28
44 Defense
1 - 46% - 60% - 0:50
2 - 54% - 40% - 0:58
Last Minute Offensive - 0:00
Last Minute Defensive - 0:31
Total
Forward - 60:00
Defense - 60:00
|
% Time on Ice - Sasquatch
Lines # - Real PCT - Wanted PCT - Time Play
Normal Forward
1 - 34% - 40% - 14:45
2 - 30% - 30% - 12:53
3 - 23% - 20% - 10:02
4 - 12% - 10% - 5:10
Normal Defense
1 - 41% - 40% - 17:41
2 - 34% - 30% - 14:22
3 - 21% - 20% - 8:55
4 - 4% - 10% - 1:52
PP Forward
1 - 66% - 60% - 4:30
2 - 34% - 40% - 2:19
PP Defense
1 - 65% - 60% - 4:27
2 - 35% - 40% - 2:22
PK Forward
1 - 78% - 60% - 6:12
2 - 22% - 40% - 1:47
PK Defense
1 - 66% - 60% - 5:14
2 - 34% - 40% - 2:45
PK3 Forward
1 - 0% - 60%
2 - 0% - 40%
PK3 Defense
1 - 0% - 60%
2 - 0% - 40%
44 Forward
1 - 69% - 60% - 1:15
2 - 31% - 40% - 0:33
44 Defense
1 - 69% - 60% - 1:14
2 - 31% - 40% - 0:34
Last Minute Offensive - 0:34
Last Minute Defensive - 0:00
Total
Forward - 60:00
Defense - 60:00
|
Play by Play
1st period
0:01 of 1st period - David Desharnais wins face-off versus Kevin Porter in neutral zone.
0:49 of 1st period - Off-side.
0:50 of 1st period - Corey Trivino wins face-off versus Garnet Hathaway in neutral zone.
0:59 of 1st period - Snap shot by James Sheppard.
0:59 of 1st period - Stopped by Braden Holtby with a rebound.
1:19 of 1st period - Slapshot by Kevin Porter.
1:19 of 1st period - Deflect By Linus Omark.
1:19 of 1st period - Stopped by Allen York without a rebound.
1:20 of 1st period - Kevin Porter wins face-off versus David Desharnais in Staline zone.
1:31 of 1st period - Wrist shot by Jiri Tlusty.
1:31 of 1st period - Stopped by Braden Holtby without a rebound.
1:32 of 1st period - Drew Shore wins face-off versus Cody Eakin in Sasquatch zone.
2:02 of 1st period - Mikael Backlund is hit by Matt Pettinger and loses puck.
2:19 of 1st period - Wrist shot by Danny Kristo.
2:19 of 1st period - Shot Misses the Net.
2:27 of 1st period - Wrist shot by Linus Omark.
2:27 of 1st period - Shot Blocked by Philip Larsen.
2:29 of 1st period - Wrist shot by Jason Akeson.
2:29 of 1st period - Stopped by Allen York without a rebound.
2:30 of 1st period - Stephane Da Costa wins face-off versus David Desharnais in Staline zone.
2:55 of 1st period - Radko Gudas is hit by Brandon Burlon.
3:23 of 1st period - Mark Fraser is hit by Arturs Kulda and loses puck.
4:53 of 1st period - Wrist shot by James Sheppard.
4:53 of 1st period - Stopped by Braden Holtby without a rebound.
4:54 of 1st period - Corey Trivino wins face-off versus Mikael Backlund in Sasquatch zone.
4:55 of 1st period - Snap shot by James Sheppard.
4:55 of 1st period - Stopped by Braden Holtby with a rebound.
4:59 of 1st period - Slapshot by Jordan Caron.
4:59 of 1st period - Shot Blocked by Mikael Backlund.
5:01 of 1st period - Slapshot by Philip Larsen.
5:01 of 1st period - Stopped by Braden Holtby with a rebound.
5:03 of 1st period - Slapshot by Mark Mitera.
5:03 of 1st period - Stopped by Braden Holtby with a rebound.
5:05 of 1st period - Slapshot by Mark Mitera.
5:05 of 1st period - Shot Blocked by Yannick Weber.
5:07 of 1st period - Slapshot by Mark Mitera.
5:07 of 1st period - Stopped by Braden Holtby without a rebound.
5:08 of 1st period - Cody Eakin wins face-off versus Kevin Porter in Sasquatch zone.
5:13 of 1st period - Snap shot by Nick Spaling.
5:13 of 1st period - Deflect By Cody Eakin.
5:13 of 1st period - Shot Misses the Net.
5:13 of 1st period - Puck is out of play.
5:14 of 1st period - Kevin Porter wins face-off versus Cody Eakin in Sasquatch zone.
5:19 of 1st period - Nick Spaling is hit by Yannick Weber and loses puck.
6:14 of 1st period - Icing by Bryan Bickell.
6:15 of 1st period - Brandon Mashinter wins face-off versus Kevin Porter in Staline zone.
6:20 of 1st period - Jason Akeson is hit by Mark Mitera and loses puck.
6:26 of 1st period - Off-side.
6:27 of 1st period - Kevin Porter wins face-off versus David Desharnais in neutral zone.
7:59 of 1st period - Wrist shot by Matt Pettinger.
7:59 of 1st period - Shot Misses the Net.
8:01 of 1st period - Slapshot by David Desharnais.
8:01 of 1st period - Shot Blocked by Kevin Porter.
8:33 of 1st period - Drew Shore is hit by Brandon Burlon and loses puck.
8:55 of 1st period - Off-side.
8:56 of 1st period - Stephane Da Costa wins face-off versus Brandon Mashinter in neutral zone.
8:59 of 1st period - Snap shot by Josh Bailey.
8:59 of 1st period - Shot Blocked by Greg Pateryn.
9:25 of 1st period - Snap shot by David Desharnais.
9:25 of 1st period - Shot Misses the Net.
9:31 of 1st period - Wrist shot by Linus Omark.
9:31 of 1st period - Deflect By Kevin Porter.
9:31 of 1st period - Stopped by Allen York with a rebound.
9:33 of 1st period - Wrist shot by Jonathan Blum.
9:33 of 1st period - Stopped by Allen York with a rebound.
9:43 of 1st period - Wrist shot by Steven Goertzen.
9:43 of 1st period - Stopped by Braden Holtby without a rebound.
9:44 of 1st period - Mikael Backlund wins face-off versus Cody Eakin in Sasquatch zone.
9:44 of 1st period - Mikael Backlund is hit by Steven Goertzen.
9:59 of 1st period - Minor Penalty to Radko Gudas for Hooking.
10:00 of 1st period - Kevin Porter wins face-off versus David Desharnais in Sasquatch zone.
10:10 of 1st period - Snap shot by Jiri Tlusty.
10:10 of 1st period - Goal by Jiri Tlusty - Staline : 1 - Sasquatch : 0.
10:11 of 1st period - David Desharnais wins face-off versus Linus Omark in neutral zone.
10:14 of 1st period - Kevin Porter is hit by David Desharnais.
10:45 of 1st period - Snap shot by Mikael Backlund.
10:45 of 1st period - Stopped by Allen York with a rebound.
10:47 of 1st period - Minor Penalty to Nick Spaling for Interference.
10:48 of 1st period - Kevin Porter wins face-off versus Matt Pettinger in Staline zone.
11:28 of 1st period - Wrist shot by Mikael Backlund.
11:28 of 1st period - Goal by Mikael Backlund - Staline : 1 - Sasquatch : 1.
11:29 of 1st period - Kevin Porter wins face-off versus David Desharnais in neutral zone.
11:36 of 1st period - Wrist shot by Linus Omark.
11:36 of 1st period - Stopped by Allen York without a rebound.
11:37 of 1st period - David Desharnais wins face-off versus Kevin Porter in Staline zone.
12:11 of 1st period - Backhand shot by Linus Omark.
12:11 of 1st period - Stopped by Allen York with a rebound.
12:13 of 1st period - Slapshot by Yann Sauvé.
12:13 of 1st period - Shot Blocked by Stu Bickel.
12:15 of 1st period - Snap shot by Kevin Porter.
12:15 of 1st period - Shot Misses the Net.
12:17 of 1st period - Slapshot by Kevin Porter.
12:17 of 1st period - Deflect By Linus Omark.
12:17 of 1st period - Shot Blocked by David Desharnais.
12:17 of 1st period - Puck is out of play.
12:18 of 1st period - Corey Trivino wins face-off versus D.J King in Staline zone.
12:28 of 1st period - Minor Penalty to Brandon Burlon for Cross-checking.
12:29 of 1st period - Kevin Porter wins face-off versus Matt Pettinger in Staline zone.
12:29 of 1st period - Wrist shot by Linus Omark.
12:29 of 1st period - Shot Blocked by Stu Bickel.
12:31 of 1st period - Slapshot by Jonathan Blum.
12:31 of 1st period - Shot Blocked by Stu Bickel.
12:33 of 1st period - Snap shot by Linus Omark.
12:33 of 1st period - Stopped by Allen York with a rebound.
12:57 of 1st period - Snap shot by D.J King.
12:57 of 1st period - Stopped by Allen York with a rebound.
12:59 of 1st period - Snap shot by Yannick Weber.
12:59 of 1st period - Stopped by Allen York with a rebound.
13:01 of 1st period - Snap shot by D.J King.
13:01 of 1st period - Shot Misses the Net.
14:28 of 1st period - Penalty to Brandon Burlon is over, Brandon Burlon is back on ice.
15:03 of 1st period - Brock Trotter is hit by Brandon Burlon and loses puck.
15:26 of 1st period - Stephane Da Costa is hit by David Desharnais.
15:54 of 1st period - Off-side.
15:55 of 1st period - Drew Shore wins face-off versus Nick Spaling in neutral zone.
16:20 of 1st period - Snap shot by James Sheppard.
16:20 of 1st period - Stopped by Braden Holtby with a rebound.
16:22 of 1st period - Slapshot by Jordan Caron.
16:22 of 1st period - Stopped by Braden Holtby with a rebound.
16:24 of 1st period - Wrist shot by Jordan Caron.
16:24 of 1st period - Goal by Jordan Caron - Staline : 2 - Sasquatch : 1.
16:25 of 1st period - Matt Pettinger wins face-off versus Kevin Porter in neutral zone.
16:36 of 1st period - Wrist shot by Jason Akeson.
16:36 of 1st period - Stopped by Allen York with a rebound.
16:38 of 1st period - Slapshot by Linus Omark.
16:38 of 1st period - Shot Misses the Net.
16:40 of 1st period - Snap shot by Kevin Porter.
16:40 of 1st period - Stopped by Allen York with a rebound.
16:55 of 1st period - Snap shot by Nick Spaling.
16:55 of 1st period - Stopped by Braden Holtby with a rebound.
16:57 of 1st period - Slapshot by Stu Bickel.
16:57 of 1st period - Deflect By Cody Eakin.
16:57 of 1st period - Shot Blocked by Arturs Kulda.
16:57 of 1st period - Puck is out of play.
16:58 of 1st period - Kevin Porter wins face-off versus Steven Goertzen in Sasquatch zone.
17:13 of 1st period - Snap shot by Linus Omark.
17:13 of 1st period - Shot Misses the Net.
17:27 of 1st period - Wrist shot by Matt Pettinger.
17:27 of 1st period - Deflect By David Desharnais.
17:27 of 1st period - Shot Misses the Net.
17:27 of 1st period - Puck is out of play.
17:28 of 1st period - D.J King wins face-off versus David Desharnais in Sasquatch zone.
17:48 of 1st period - Off-side.
17:49 of 1st period - Kevin Porter wins face-off versus Cody Eakin in neutral zone.
18:01 of 1st period - Off-side.
18:02 of 1st period - Kevin Porter wins face-off versus David Desharnais in neutral zone.
18:09 of 1st period - Wrist shot by Kevin Porter.
18:09 of 1st period - Goal by Kevin Porter - Staline : 2 - Sasquatch : 2.
18:10 of 1st period - Kevin Porter wins face-off versus David Desharnais in neutral zone.
18:56 of 1st period - Snap shot by Corey Trivino.
18:56 of 1st period - Shot Misses the Net.
18:58 of 1st period - Slapshot by Brandon Burlon.
18:58 of 1st period - Deflect By Corey Trivino.
18:58 of 1st period - Shot Blocked by Radko Gudas.
18:58 of 1st period - Puck is out of play.
18:59 of 1st period - Garnet Hathaway wins face-off versus Matt Pettinger in Sasquatch zone.
18:59 of 1st period - Garnet Hathaway is hit by Jiri Tlusty.
19:05 of 1st period - Slapshot by Yannick Weber.
19:05 of 1st period - Deflect By Josh Bailey.
19:05 of 1st period - Stopped by Allen York without a rebound.
19:06 of 1st period - David Desharnais wins face-off versus Jason Akeson in Staline zone.
19:57 of 1st period - Snap shot by Corey Trivino.
19:57 of 1st period - Stopped by Braden Holtby without a rebound.
19:58 of 1st period - David Desharnais wins face-off versus Kevin Porter in Sasquatch zone.
Goals for this period are 2 for Staline vs 2 for Sasquatch.
Shots for this period are 14 for Staline vs 15 for Sasquatch.
2nd period
0:01 of 2nd period - David Desharnais wins face-off versus Kevin Porter in neutral zone.
0:08 of 2nd period - Snap shot by Matt Pettinger.
0:08 of 2nd period - Shot Misses the Net.
0:25 of 2nd period - Icing by Matt Pettinger.
0:26 of 2nd period - Mikael Backlund wins face-off versus Cody Eakin in Staline zone.
0:55 of 2nd period - Wrist shot by Corey Trivino.
0:55 of 2nd period - Shot Misses the Net.
0:59 of 2nd period - Wrist shot by Keith Yandle.
0:59 of 2nd period - Deflect By Corey Trivino.
0:59 of 2nd period - Deflect By Kevin Porter.
0:59 of 2nd period - Stopped by Braden Holtby without a rebound.
1:00 of 2nd period - Mikael Backlund wins face-off versus David Desharnais in Sasquatch zone.
1:33 of 2nd period - Slapshot by Cody Eakin.
1:33 of 2nd period - Deflect By Nick Spaling.
1:33 of 2nd period - Stopped by Braden Holtby with a rebound.
1:35 of 2nd period - Slapshot by Brandon Burlon.
1:35 of 2nd period - Shot Misses the Net.
1:37 of 2nd period - Snap shot by Nick Spaling.
1:37 of 2nd period - Deflect By Cody Eakin.
1:37 of 2nd period - Stopped by Braden Holtby without a rebound.
1:38 of 2nd period - Corey Trivino wins face-off versus Stephane Da Costa in Sasquatch zone.
2:04 of 2nd period - Nick Leddy is hit by Steven Goertzen and loses puck.
3:10 of 2nd period - Jonathan Blum is hit by Jordan Caron and loses puck.
3:17 of 2nd period - Brandon Burlon is hit by Garnet Hathaway and loses puck.
3:37 of 2nd period - Icing by Yannick Weber.
3:38 of 2nd period - David Desharnais wins face-off versus Kevin Porter in Sasquatch zone.
3:49 of 2nd period - Slapshot by Jiri Tlusty.
3:49 of 2nd period - Stopped by Braden Holtby with a rebound.
3:51 of 2nd period - Snap shot by Jiri Tlusty.
3:51 of 2nd period - Shot Misses the Net.
3:53 of 2nd period - Snap shot by Keith Yandle.
3:53 of 2nd period - Stopped by Braden Holtby without a rebound.
3:54 of 2nd period - Mikael Backlund wins face-off versus Cody Eakin in Sasquatch zone.
4:05 of 2nd period - Wrist shot by Mikael Backlund.
4:05 of 2nd period - Shot Misses the Net.
4:07 of 2nd period - Slapshot by Nick Leddy.
4:07 of 2nd period - Stopped by Allen York with a rebound.
4:09 of 2nd period - Slapshot by Mikael Backlund.
4:09 of 2nd period - Shot Misses the Net.
4:19 of 2nd period - Jonathan Blum is hit by Jiri Tlusty and loses puck.
5:23 of 2nd period - Wrist shot by Cody Eakin.
5:23 of 2nd period - Stopped by Braden Holtby with a rebound.
5:31 of 2nd period - Wrist shot by Mikael Backlund.
5:31 of 2nd period - Goal by Mikael Backlund - Staline : 2 - Sasquatch : 3.
5:32 of 2nd period - David Desharnais wins face-off versus Kevin Porter in neutral zone.
5:57 of 2nd period - Jesper Fast is hit by Stu Bickel.
6:16 of 2nd period - Icing by Corey Trivino.
6:17 of 2nd period - Corey Trivino wins face-off versus Stephane Da Costa in Staline zone.
6:24 of 2nd period - Wrist shot by Stephane Da Costa.
6:24 of 2nd period - Stopped by Allen York without a rebound.
6:25 of 2nd period - Kevin Porter wins face-off versus Matt Pettinger in Staline zone.
6:30 of 2nd period - Snap shot by Jason Akeson.
6:30 of 2nd period - Shot Misses the Net.
6:32 of 2nd period - Wrist shot by Jason Akeson.
6:32 of 2nd period - Deflect By Linus Omark.
6:32 of 2nd period - Shot Misses the Net.
6:32 of 2nd period - Puck is out of play.
6:33 of 2nd period - Kevin Porter wins face-off versus David Desharnais in Staline zone.
7:00 of 2nd period - Steven Goertzen is hit by Nick Leddy.
7:11 of 2nd period - Minor Penalty to D.J King for Hooking.
7:12 of 2nd period - Kevin Porter wins face-off versus David Desharnais in Sasquatch zone.
7:21 of 2nd period - Wrist shot by Matt Pettinger.
7:21 of 2nd period - Stopped by Braden Holtby without a rebound.
7:22 of 2nd period - David Desharnais wins face-off versus Kevin Porter in Sasquatch zone.
7:37 of 2nd period - Wrist shot by Jiri Tlusty.
7:37 of 2nd period - Stopped by Braden Holtby without a rebound.
7:38 of 2nd period - Kevin Porter wins face-off versus David Desharnais in Sasquatch zone.
8:13 of 2nd period - Slapshot by Keith Yandle.
8:13 of 2nd period - Stopped by Braden Holtby without a rebound.
8:14 of 2nd period - David Desharnais wins face-off versus Drew Shore in Sasquatch zone.
8:17 of 2nd period - Slapshot by Matt Pettinger.
8:17 of 2nd period - Stopped by Braden Holtby with a rebound.
8:19 of 2nd period - Slapshot by Mark Fraser.
8:19 of 2nd period - Deflect By David Desharnais.
8:19 of 2nd period - Goal by David Desharnais - Staline : 3 - Sasquatch : 3.
8:20 of 2nd period - Jason Akeson wins face-off versus David Desharnais in neutral zone.
8:25 of 2nd period - David Desharnais is hit by Jason Akeson and loses puck.
8:47 of 2nd period - Minor Penalty to Jesper Fast for Hooking.
8:48 of 2nd period - Kevin Porter wins face-off versus David Desharnais in Sasquatch zone.
8:55 of 2nd period - D.J King is hit by Stu Bickel and loses puck.
9:04 of 2nd period - Snap shot by Matt Pettinger.
9:04 of 2nd period - Stopped by Braden Holtby without a rebound.
9:05 of 2nd period - Kevin Porter wins face-off versus Cody Eakin in Sasquatch zone.
9:18 of 2nd period - Slapshot by Nick Spaling.
9:18 of 2nd period - Goal by Nick Spaling - Staline : 4 - Sasquatch : 3.
9:19 of 2nd period - Kevin Porter wins face-off versus David Desharnais in neutral zone.
9:28 of 2nd period - Snap shot by Linus Omark.
9:28 of 2nd period - Shot Misses the Net.
11:57 of 2nd period - Snap shot by David Desharnais.
11:57 of 2nd period - Deflect By Jiri Tlusty.
11:57 of 2nd period - Stopped by Braden Holtby without a rebound.
11:58 of 2nd period - Cody Eakin wins face-off versus Kevin Porter in Sasquatch zone.
12:13 of 2nd period - Slapshot by Radko Gudas.
12:13 of 2nd period - Stopped by Allen York without a rebound.
12:14 of 2nd period - Mikael Backlund wins face-off versus David Desharnais in Staline zone.
12:29 of 2nd period - Snap shot by D.J King.
12:29 of 2nd period - Stopped by Allen York with a rebound.
12:35 of 2nd period - Radko Gudas is hit by Stu Bickel.
13:12 of 2nd period - Wrist shot by David Desharnais.
13:12 of 2nd period - Shot Misses the Net.
13:41 of 2nd period - Minor Penalty to Radko Gudas for High sticking.
13:42 of 2nd period - Steven Goertzen wins face-off versus Linus Omark in Sasquatch zone.
13:54 of 2nd period - Slapshot by Mark Fraser.
13:54 of 2nd period - Deflect By Kevin Porter.
13:54 of 2nd period - Stopped by Braden Holtby with a rebound.
14:20 of 2nd period - Brandon Burlon is hit by Arturs Kulda and loses puck.
15:41 of 2nd period - Penalty to Radko Gudas is over, Radko Gudas is back on ice.
16:02 of 2nd period - Wrist shot by Brock Trotter.
16:02 of 2nd period - Stopped by Allen York with a rebound.
16:10 of 2nd period - Wrist shot by Radko Gudas.
16:10 of 2nd period - Stopped by Allen York without a rebound.
16:11 of 2nd period - Linus Omark wins face-off versus Corey Trivino in Staline zone.
16:17 of 2nd period - Minor Penalty to Jordan Caron for Interference.
16:18 of 2nd period - Kevin Porter wins face-off versus Matt Pettinger in Staline zone.
18:17 of 2nd period - Penalty to Jordan Caron is over, Jordan Caron is back on ice.
18:38 of 2nd period - Minor Penalty to Yannick Weber for Interference.
18:39 of 2nd period - David Desharnais wins face-off versus Kevin Porter in Sasquatch zone.
18:39 of 2nd period - Snap shot by Keith Yandle.
18:39 of 2nd period - Goal by Keith Yandle - Staline : 5 - Sasquatch : 3.
18:40 of 2nd period - David Desharnais wins face-off versus Kevin Porter in neutral zone.
18:45 of 2nd period - Slapshot by Brandon Burlon.
18:45 of 2nd period - Stopped by Braden Holtby with a rebound.
18:47 of 2nd period - Wrist shot by Brandon Burlon.
18:47 of 2nd period - Stopped by Braden Holtby with a rebound.
18:49 of 2nd period - Slapshot by Brandon Burlon.
18:49 of 2nd period - Shot Misses the Net.
18:51 of 2nd period - Slapshot by Mark Fraser.
18:51 of 2nd period - Deflect By David Desharnais.
18:51 of 2nd period - Deflect By Radko Gudas.
18:51 of 2nd period - Shot Misses the Net.
18:51 of 2nd period - Puck is out of play.
18:52 of 2nd period - David Desharnais wins face-off versus Kevin Porter in Sasquatch zone.
18:55 of 2nd period - Snap shot by Jiri Tlusty.
18:55 of 2nd period - Shot Misses the Net.
18:57 of 2nd period - Snap shot by Brandon Burlon.
18:57 of 2nd period - Shot Blocked by Arturs Kulda.
19:13 of 2nd period - Minor Penalty to Arturs Kulda for Elbowing.
19:14 of 2nd period - David Desharnais wins face-off versus Kevin Porter in Sasquatch zone.
19:47 of 2nd period - Wrist shot by Cody Eakin.
19:47 of 2nd period - Shot Misses the Net.
19:49 of 2nd period - Wrist shot by Mark Fraser.
19:49 of 2nd period - Shot Misses the Net.
Goals for this period are 3 for Staline vs 1 for Sasquatch.
Shots for this period are 18 for Staline vs 7 for Sasquatch.
3rd period
0:01 of 3rd period - Kevin Porter wins face-off versus David Desharnais in neutral zone.
0:08 of 3rd period - Yann Sauvé is hit by Keith Yandle and loses puck.
0:13 of 3rd period - Snap shot by Matt Pettinger.
0:13 of 3rd period - Shot Misses the Net.
0:15 of 3rd period - Slapshot by Matt Pettinger.
0:15 of 3rd period - Shot Blocked by Yann Sauvé.
1:13 of 3rd period - Penalty to Arturs Kulda is over, Arturs Kulda is back on ice.
1:35 of 3rd period - Snap shot by Josh Bailey.
1:35 of 3rd period - Stopped by Allen York with a rebound.
1:37 of 3rd period - Slapshot by Garnet Hathaway.
1:37 of 3rd period - Shot Blocked by Keith Yandle.
1:39 of 3rd period - Snap shot by Yannick Weber.
1:39 of 3rd period - Stopped by Allen York without a rebound.
1:40 of 3rd period - Cody Eakin wins face-off versus Stephane Da Costa in Staline zone.
1:42 of 3rd period - Minor Penalty to Nick Spaling for Roughing.
1:43 of 3rd period - Kevin Porter wins face-off versus Matt Pettinger in Staline zone.
1:45 of 3rd period - Snap shot by Linus Omark.
1:45 of 3rd period - Deflect By Jason Akeson.
1:45 of 3rd period - Stopped by Allen York with a rebound.
2:25 of 3rd period - Wrist shot by Steven Goertzen.
2:25 of 3rd period - Stopped by Braden Holtby with a rebound.
2:49 of 3rd period - Snap shot by Linus Omark.
2:49 of 3rd period - Shot Blocked by Jiri Tlusty.
3:42 of 3rd period - Penalty to Nick Spaling is over, Nick Spaling is back on ice.
3:57 of 3rd period - Slapshot by Josh Bailey.
3:57 of 3rd period - Deflect By Garnet Hathaway.
3:57 of 3rd period - Shot Misses the Net.
3:57 of 3rd period - Puck is out of play.
3:58 of 3rd period - Corey Trivino wins face-off versus Stephane Da Costa in Staline zone.
4:27 of 3rd period - Slapshot by Mikael Backlund.
4:27 of 3rd period - Stopped by Allen York with a rebound.
4:29 of 3rd period - Slapshot by Jesper Fast.
4:29 of 3rd period - Shot Misses the Net.
4:31 of 3rd period - Wrist shot by D.J King.
4:31 of 3rd period - Stopped by Allen York with a rebound.
4:44 of 3rd period - Off-side.
4:45 of 3rd period - Cody Eakin wins face-off versus Ryan Strome in neutral zone.
5:10 of 3rd period - Jesper Fast is hit by David Desharnais and loses puck.
5:44 of 3rd period - Minor Penalty to Nick Leddy for Hooking.
5:45 of 3rd period - Kevin Porter wins face-off versus David Desharnais in Sasquatch zone.
5:55 of 3rd period - Minor Penalty to Stu Bickel for High sticking.
5:56 of 3rd period - Mikael Backlund wins face-off versus Matt Pettinger in Staline zone.
5:58 of 3rd period - Snap shot by Mikael Backlund.
5:58 of 3rd period - Shot Misses the Net.
6:45 of 3rd period - Off-side.
6:46 of 3rd period - Mikael Backlund wins face-off versus Steven Goertzen in neutral zone.
7:12 of 3rd period - Brandon Burlon is hit by Arturs Kulda and loses puck.
7:25 of 3rd period - Snap shot by Linus Omark.
7:25 of 3rd period - Shot Misses the Net.
7:44 of 3rd period - Penalty to Nick Leddy is over, Nick Leddy is back on ice.
7:49 of 3rd period - Nick Spaling is hit by Brock Trotter and loses puck.
7:55 of 3rd period - Penalty to Stu Bickel is over, Stu Bickel is back on ice.
8:06 of 3rd period - Slapshot by Stephane Da Costa.
8:06 of 3rd period - Stopped by Allen York without a rebound.
8:07 of 3rd period - Garnet Hathaway wins face-off versus Corey Trivino in Staline zone.
8:22 of 3rd period - Stephane Da Costa is hit by Stu Bickel and loses puck.
8:33 of 3rd period - Jason Akeson is hit by Nick Spaling and loses puck.
9:21 of 3rd period - Backhand shot by Matt Pettinger.
9:21 of 3rd period - Shot Blocked by Yann Sauvé.
9:23 of 3rd period - Snap shot by David Desharnais.
9:23 of 3rd period - Stopped by Braden Holtby with a rebound.
9:37 of 3rd period - Yannick Weber is hit by Corey Trivino.
10:53 of 3rd period - Jordan Caron is hit by Garnet Hathaway and loses puck.
11:26 of 3rd period - Drew Shore is hit by Matt Pettinger and loses puck.
11:37 of 3rd period - Snap shot by Brock Trotter.
11:37 of 3rd period - Shot Misses the Net.
11:55 of 3rd period - Snap shot by Drew Shore.
11:55 of 3rd period - Shot Blocked by Brandon Burlon.
11:57 of 3rd period - Slapshot by Ryan Strome.
11:57 of 3rd period - Goal by Ryan Strome - Staline : 5 - Sasquatch : 4.
11:58 of 3rd period - Cody Eakin wins face-off versus Kevin Porter in neutral zone.
12:36 of 3rd period - Wrist shot by Jonathan Blum.
12:36 of 3rd period - Deflect By Nick Spaling.
12:36 of 3rd period - Stopped by Allen York with a rebound.
12:38 of 3rd period - Snap shot by Jason Akeson.
12:38 of 3rd period - Shot Misses the Net.
12:40 of 3rd period - Wrist shot by Kevin Porter.
12:40 of 3rd period - Stopped by Allen York without a rebound.
12:41 of 3rd period - David Desharnais wins face-off versus Mikael Backlund in Staline zone.
12:41 of 3rd period - David Desharnais is hit by Mikael Backlund.
12:47 of 3rd period - Slapshot by Jiri Tlusty.
12:47 of 3rd period - Shot Blocked by Yann Sauvé.
13:11 of 3rd period - Slapshot by Mark Fraser.
13:11 of 3rd period - Deflect By James Sheppard.
13:11 of 3rd period - Stopped by Braden Holtby without a rebound.
13:12 of 3rd period - Stephane Da Costa wins face-off versus Corey Trivino in Sasquatch zone.
13:28 of 3rd period - Icing by Stu Bickel.
13:29 of 3rd period - Corey Trivino wins face-off versus Kevin Porter in Staline zone.
14:08 of 3rd period - Matt Pettinger is hit by Jonathan Blum and loses puck.
14:57 of 3rd period - Off-side.
14:58 of 3rd period - Corey Trivino wins face-off versus Mikael Backlund in neutral zone.
15:01 of 3rd period - Slapshot by Jordan Caron.
15:01 of 3rd period - Shot Misses the Net.
15:03 of 3rd period - Snap shot by Jordan Caron.
15:03 of 3rd period - Stopped by Braden Holtby without a rebound.
15:04 of 3rd period - Mikael Backlund wins face-off versus Corey Trivino in Sasquatch zone.
17:18 of 3rd period - Snap shot by Jason Akeson.
17:18 of 3rd period - Deflect By Kevin Porter.
17:18 of 3rd period - Shot Blocked by Bryan Bickell.
17:18 of 3rd period - Puck is out of play.
17:19 of 3rd period - Stephane Da Costa wins face-off versus Brandon Mashinter in Staline zone.
17:25 of 3rd period - Minor Penalty to Garnet Hathaway for High sticking.
17:26 of 3rd period - David Desharnais wins face-off versus Kevin Porter in Sasquatch zone.
17:52 of 3rd period - Yann Sauvé is hit by Cody Eakin and loses puck.
19:25 of 3rd period - Penalty to Garnet Hathaway is over, Garnet Hathaway is back on ice.
19:36 of 3rd period - Jiri Sekac is hit by Jason Akeson and loses puck.
19:45 of 3rd period - Nick Leddy is hit by Peter Holland and loses puck.
Goals for this period are 0 for Staline vs 1 for Sasquatch.
Shots for this period are 4 for Staline vs 9 for Sasquatch.
Back to the Top